[Event "Titled Tuesday Blitz February 15 Late 2022"]
[White "Adury, Anant"]
[Black "Bellissimo, Joseph F."]
[WhiteFideId "30964687"]
[BlackFideId "2609843"]
[WhiteElo "2349"]
[BlackElo "2061"]
[Result "0-1"]
[Round "06"]
[TimeControl "180+1"]
[Date "2022.02.16"]
[WhiteClock "0:02:49"]
[BlackClock "0:02:40"]

1. d4 Nf6 2. c4 e6 3. Nc3 Bb4 4. a3 Be7 5. e4 d5 6. cxd5 exd5 7. e5 Ne4 8. Bd3 c5 9. Nxe4 dxe4 10. Bxe4 Qxd4 11. Qxd4 cxd4 12. Nf3 Nd7 13. Bf4 Nc5 14. Bd5 Nd3+ 0-1


[Site "https://www.chess.com"]

[Event "Titled Tuesday Blitz February 15 Late 2022"]
[White "Al Mukhaini, Shima"]
[Black "Krstulovic, Alex"]
[WhiteFideId "22005854"]
[BlackFideId "760056"]
[WhiteElo "2378"]
[BlackElo "2193"]
[Result "1-0"]
[Round "06"]
[TimeControl "180+1"]
[Date "2022.02.16"]
[WhiteClock "0:00:40"]
[BlackClock "0:00:02"]

1. b3 e5 2. Bb2 Nc6 3. e3 g6 4. d4 Bg7 5. dxe5 Nxe5 6. Qc1 Qf6 7. Nc3 Ne7 8. Nd1 Qh4 9. g3 Qe4 10. f3 Nxf3+ 11. Nxf3 Qxf3 12. Rg1 O-O 13. Bxg7 Kxg7 14. Qb2+ Qf6 15. Nc3 d5 16. O-O-O Bg4 17. Rxd5 Nxd5 18. Nxd5 Qxb2+ 19. Kxb2 c6 20. Nc3 Rfe8 21. e4 Rad8 22. Bd3 Be6 23. g4 h6 24. h4 Rd6 25. a4 Rd4 26. Rg3 c5 27. Nb5 Rd7 28. Nxa7 Red8 29. Nb5 c4 30. bxc4 Rc8 31. Kb3 b6 32. Kb4 Rc6 33. Nc3 Rd4 34. Nd5 Bxd5 35. exd5 Rd6 36. a5 bxa5+ 37. Kc5 Rf4 38. Kxd6 1-0


[Site "https://www.chess.com"]

[Event "Titled Tuesday Blitz February 15 Late 2022"]
[White "Andreikin, Dmitry"]
[Black "Jones, Gawain C B"]
[WhiteFideId "4158814"]
[BlackFideId "409561"]
[WhiteElo "2736"]
[BlackElo "2657"]
[Result "1/2-1/2"]
[Round "06"]
[TimeControl "180+1"]
[Date "2022.02.15"]
[WhiteClock "0:00:19"]
[BlackClock "0:00:08"]

1. Nc3 d5 2. e4 dxe4 3. Nxe4 Nf6 4. Nxf6+ exf6 5. Bc4 Bd6 6. Qe2+ Be7 7. Nf3 O-O 8. O-O Nc6 9. c3 Bd6 10. d4 Bg4 11. h3 Bh5 12. Qd3 Bg6 13. Qd1 Bh5 14. g4 Bg6 15. Nh4 Re8 16. Nxg6 hxg6 17. Qf3 Qd7 18. Be3 Re7 19. Rae1 Rae8 20. Bd2 Nd8 21. Rxe7 Rxe7 22. Re1 Rxe1+ 23. Bxe1 c6 24. Bd2 Ne6 25. Qe4 Kf8 26. h4 Nf4 27. Qf3 g5 28. b4 f5 29. Bxf4 Bxf4 30. hxg5 Bxg5 31. gxf5 Qd6 32. Qh5 Qf6 33. Bxf7 Bd2 34. Be6 Qg5+ 35. Qxg5 Bxg5 36. c4 Bd2 37. a3 Ke7 38. c5 Bc1 39. a4 Bb2 40. d5 cxd5 41. Bxd5 Ba3 42. Bxb7 Bxb4 43. c6 Ba5 44. Kg2 Kd6 45. Kf3 Bc3 46. Kg4 Kc7 47. Kg5 Bf6+ 48. Kg6 Bd4 49. Kf7 Bf6 50. Ke6 Bd4 51. Kd5 Bf6 52. Kc5 Bc3 53. Kb5 Bf6 54. Ka6 Bd4 55. Ka5 Bxf2 56. Kb5 Bd4 57. Kc4 Bf6 58. Kd5 Ba1 59. Ba6 Bb2 60. Bb5 Ba1 61. Ke6 Bb2 62. Kd5 Ba1 63. Bc4 Bb2 64. Kc5 Bf6 65. Bd5 Bb2 66. Kb5 Bc3 67. a5 Be5 68. Ka6 Bd4 69. Kb5 Bc3 70. Bf3 Bd4 71. a6 Bc3 72. Be4 Bf6 73. Bf3 Be5 74. Be4 Bf6 75. Bf3 Be5 76. Be4 Bf6 1/2-1/2


[Site "https://www.chess.com"]

[Event "Titled Tuesday Blitz February 15 Late 2022"]
[White "Ankerst, Mihael"]
[Black "KND2020"]
[WhiteFideId "14602369"]
[WhiteElo "2297"]
[BlackElo "2512"]
[Result "0-1"]
[Round "06"]
[TimeControl "180+1"]
[Date "2022.02.16"]
[WhiteClock "0:00:07"]
[BlackClock "0:00:17"]

1. e4 c5 2. Nf3 a6 3. d4 cxd4 4. Nxd4 Nf6 5. Nc3 e5 6. Nf3 Nc6 7. Bc4 Bb4 8. O-O h6 9. Nd5 Bc5 10. Be3 d6 11. Bxc5 dxc5 12. Re1 O-O 13. h3 Rb8 14. c3 b5 15. Nxf6+ Qxf6 16. Bd5 Ne7 17. a4 Ng6 18. axb5 axb5 19. Nd2 Nf4 20. Nf1 h5 21. Ra7 Qg5 22. Ne3 Nxh3+ 23. Kf1 Nf4 24. Qf3 h4 25. Rea1 Be6 26. Rc7 Rbc8 27. Rb7 b4 28. cxb4 cxb4 29. Rxb4 Rfd8 30. Bxe6 fxe6 31. Rba4 Rf8 32. Kg1 Nd3 33. Qg4 Qf6 34. Ra6 Nxf2 35. Qxe6+ Qxe6 36. Rxe6 Nxe4 37. Rxe5 Ng3 38. Rg5 Rce8 39. Ra7 Rf7 40. Rxf7 Kxf7 41. Ng4 Re1+ 42. Kf2 Re2+ 43. Kf3 Rxb2 44. Ne3 Rb3 45. Rg4 Nf1 46. Rf4+ Ke6 47. Rxh4 Nxe3 48. Ke4 Nf5 49. Rh1 Ng3+ 50. Kf4 Nxh1 51. Kg5 Rg3+ 52. Kh4 Rxg2 53. Kh3 Rg3+ 54. Kh2 Rg5 55. Kxh1 Kf5 56. Kh2 Kf4 57. Kh3 Rg4 58. Kh2 Kf3 59. Kh3 Rf4 60. Kh2 Rh4+ 61. Kg1 Rh5 62. Kf1 Rh1# 0-1


[Site "https://www.chess.com"]

[Event "Titled Tuesday Blitz February 15 Late 2022"]
[White "Antolak, Julia"]
[Black "Chabris, Christopher"]
[WhiteFideId "1159569"]
[BlackFideId "2005263"]
[WhiteElo "2104"]
[BlackElo "2320"]
[Result "1-0"]
[Round "06"]
[TimeControl "180+1"]
[Date "2022.02.16"]
[WhiteClock "0:01:33"]
[BlackClock "0:00:04"]

1. e4 c5 2. Nf3 d6 3. d4 cxd4 4. Nxd4 Nf6 5. Nc3 a6 6. Nb3 g6 7. h4 Bg7 8. Be2 h5 9. Bg5 Nc6 10. Qd2 Be6 11. O-O-O b5 12. Kb1 Rc8 13. f3 Ne5 14. Nd4 Bc4 15. Rhe1 Bxe2 16. Qxe2 Rxc3 17. bxc3 Qa5 18. Nb3 Qxc3 19. Qe3 Nd5 20. exd5 Qxe3 21. Rxe3 Nc4 22. Rxe7+ Kf8 23. Rde1 Bc3 24. Re8+ Kg7 25. Rxh8 Bxe1 26. Rc8 1-0


[Site "https://www.chess.com"]

[Event "Titled Tuesday Blitz February 15 Late 2022"]
[White "Antonio, Jorge Carlos"]
[Black "Osmonbekov, Talaibek"]
[WhiteFideId "113190"]
[BlackFideId "2017253"]
[WhiteElo "2247"]
[BlackElo "2135"]
[Result "0-1"]
[Round "06"]
[TimeControl "180+1"]
[Date "2022.02.16"]
[WhiteClock "0:00:41"]
[BlackClock "0:00:05"]

1. e4 c5 2. Nf3 d6 3. d4 cxd4 4. Nxd4 Nf6 5. Nc3 g6 6. Bc4 Bg7 7. Be3 O-O 8. f3 Nc6 9. Qd2 Bd7 10. O-O-O Rc8 11. Be2 Qa5 12. g4 Nxd4 13. Bxd4 b5 14. Nd5 Qxa2 15. Nxe7+ Kh8 16. Qf4 Qa4 17. Bd3 Qxd4 18. Nxc8 Rxc8 19. c3 Nd5 20. Qxd6 Qe3+ 21. Kb1 Nxc3+ 22. bxc3 Be6 23. Rhe1 Qxf3 24. e5 Qxg4 25. Qb4 Qh3 26. Qxb5 Qxh2 27. Qb2 Bxe5 28. Qxh2 Bxh2 29. Bxg6 hxg6 30. Rh1 Rxc3 31. Rxh2+ Kg7 32. Rc2 Rh3 33. Rc7 a5 34. Rd6 Bf5+ 35. Kc1 a4 36. Ra7 a3 37. Rc6 Rh1+ 38. Kd2 a2 39. Rca6 Bb1 40. Kc3 Rf1 41. Kb2 g5 42. Ka1 g4 43. Ra4 Bc2+ 44. Kb2 Bxa4 45. Rxa4 a1=Q+ 46. Rxa1 Rxa1 47. Kxa1 g3 0-1


[Site "https://www.chess.com"]

[Event "Titled Tuesday Blitz February 15 Late 2022"]
[White "Antova, Gabriela"]
[Black "Stoleriu, George"]
[WhiteFideId "2915235"]
[BlackFideId "1227505"]
[WhiteElo "2184"]
[BlackElo "2203"]
[Result "0-1"]
[Round "06"]
[TimeControl "180+1"]
[Date "2022.02.16"]
[WhiteClock "0:00:06"]
[BlackClock "0:00:11"]

1. d4 e6 2. Nf3 Nf6 3. e3 b6 4. Bd3 Bb7 5. O-O d6 6. c4 Nbd7 7. Nc3 g6 8. e4 e5 9. d5 Bg7 10. h3 O-O 11. Be3 Nh5 12. Re1 f5 13. exf5 gxf5 14. Ng5 Qe8 15. Ne6 Qg6 16. Nxf8 Rxf8 17. f3 Ng3 18. b4 Nf6 19. a4 Nfh5 20. Rc1 Bh6 21. Qd2 Nf4 22. Kh2 Rf7 23. a5 Rg7 24. Rg1 Qh5 25. axb6 Nge2 26. Qxe2 Nxe2 27. Bxh6 Nxc1 28. Bxg7 Nxd3 29. Bf6 axb6 30. Rd1 Nf4 31. c5 Qg6 0-1


[Site "https://www.chess.com"]

[Event "Titled Tuesday Blitz February 15 Late 2022"]
[White "Aradhya, Garg"]
[Black "Lenderman, Aleksandr"]
[WhiteFideId "25006746"]
[BlackFideId "2021285"]
[WhiteElo "2169"]
[BlackElo "2651"]
[Result "0-1"]
[Round "06"]
[TimeControl "180+1"]
[Date "2022.02.15"]
[WhiteClock "0:00:31"]
[BlackClock "0:01:01"]

1. d4 e6 2. e4 d5 3. Nc3 Nf6 4. e5 Nfd7 5. f4 c5 6. Nf3 Nc6 7. Be3 Be7 8. Qd2 O-O 9. Be2 b6 10. O-O f5 11. Kh1 cxd4 12. Nxd4 Nxd4 13. Bxd4 Nb8 14. Bf3 Nc6 15. Bf2 Kh8 16. Rfd1 Ba6 17. Ne2 Bxe2 18. Qxe2 Na5 19. Be1 Rc8 20. Rac1 Qe8 21. Bxa5 bxa5 22. Qa6 Qc6 23. Qxa7 Bc5 24. Qxa5 Be3 25. Rb1 Bxf4 26. c3 Bxe5 27. Qb4 Rb8 28. Qh4 Bf6 29. Qf2 Qa4 30. b3 Qa5 31. Qe3 Rfe8 32. c4 dxc4 33. bxc4 Rxb1 34. Rxb1 Qxa2 35. Rc1 e5 36. Bd5 e4 37. Rf1 g6 38. g4 Be5 39. Qh3 fxg4 40. Qh6 Bg7 41. Qh4 e3 42. Qxg4 e2 43. Re1 Qd2 44. Qg3 Bc3 45. Kg2 Qxe1 46. Qxe1 Bxe1 47. Bc6 Bb4 48. Bxe8 e1=Q 49. Bb5 Qe2+ 50. Kg3 Bd6+ 51. Kh4 Qh5# 0-1


[Site "https://www.chess.com"]

[Event "Titled Tuesday Blitz February 15 Late 2022"]
[White "Ardila, Oscar Humberto"]
[Black "Kostiukov, Alexandr"]
[WhiteFideId "4404742"]
[BlackFideId "14108100"]
[WhiteElo "1898"]
[BlackElo "2202"]
[Result "0-1"]
[Round "06"]
[TimeControl "180+1"]
[Date "2022.02.16"]
[WhiteClock "0:01:07"]
[BlackClock "0:01:11"]

1. d4 g6 2. c4 Bg7 3. Nf3 d6 4. Nc3 e5 5. dxe5 dxe5 6. Qxd8+ Kxd8 7. e4 f6 8. Be2 Be6 9. Be3 Nd7 10. O-O-O Bh6 11. Bxh6 Nxh6 12. h3 c6 13. Kc2 Ke7 14. a3 a5 15. Rd2 Nc5 16. b3 Nf7 17. Rhd1 Rhd8 18. Ne1 Rxd2+ 19. Rxd2 Nd6 20. f3 a4 21. b4 Nb3 22. Rd1 Nd4+ 23. Kd2 Bxc4 24. Bd3 b5 25. Nc2 Bb3 26. Rc1 Nxc2 27. Bxc2 Nc4+ 28. Kd3 Bxc2+ 29. Kxc2 Nxa3+ 30. Kb2 Nc4+ 31. Ka2 Rd8 32. Rc2 Rd3 33. Ne2 Ra3+ 34. Kb1 Rb3+ 35. Kc1 Rxb4 36. Nc3 Rb3 37. g3 Ne3 0-1


[Site "https://www.chess.com"]

[Event "Titled Tuesday Blitz February 15 Late 2022"]
[White "Baches Garcia, Guillermo"]
[Black "Antonova, Nadezhda"]
[WhiteFideId "2209764"]
[BlackFideId "14700182"]
[WhiteElo "2449"]
[BlackElo "1765"]
[Result "1-0"]
[Round "06"]
[TimeControl "180+1"]
[Date "2022.02.16"]
[WhiteClock "0:01:26"]
[BlackClock "0:01:32"]

1. e4 c5 2. Nf3 d6 3. d4 cxd4 4. Qxd4 Nf6 5. c4 Nc6 6. Qe3 e6 7. Be2 Be7 8. O-O O-O 9. Nc3 b6 10. Rd1 Qc7 11. b3 a6 12. Bb2 Bb7 13. Rac1 Rac8 14. Nd5 exd5 15. cxd5 Qd8 16. dxc6 Rxc6 17. Rxc6 Bxc6 18. e5 Nd5 19. Qd4 dxe5 20. Nxe5 Bf6 21. Nxc6 Bxd4 22. Nxd8 Nf4 23. Bxd4 Nxe2+ 24. Kf1 1-0


[Site "https://www.chess.com"]

[Event "Titled Tuesday Blitz February 15 Late 2022"]
[White "Balint, Vilmos"]
[Black "Yedidia, Daniel"]
[WhiteFideId "718050"]
[BlackFideId "30905907"]
[WhiteElo "2059"]
[BlackElo "2485"]
[Result "0-1"]
[Round "06"]
[TimeControl "180+1"]
[Date "2022.02.16"]
[WhiteClock "0:01:38"]
[BlackClock "0:00:50"]

1. d4 Nf6 2. Nc3 d5 3. Bf4 Bf5 4. Qd2 c6 5. e3 Nbd7 6. Nf3 e6 7. Be2 Bb4 8. Bd3 Ne4 9. Bxe4 Bxe4 10. a3 Bxc3 11. Qxc3 Bxf3 12. gxf3 g5 13. Bg3 h5 14. h4 Qe7 15. O-O-O g4 16. fxg4 hxg4 17. h5 Nf6 18. Be5 Ne4 19. Qe1 f6 20. Bf4 e5 21. dxe5 fxe5 22. Bg3 Nxg3 23. fxg3 O-O-O 24. Qe2 Qg5 25. Rh4 Rxh5 26. Rxg4 Qh6 27. Kb1 Rf8 28. Rf1 Rxf1+ 29. Qxf1 Rh1 0-1


[Site "https://www.chess.com"]

[Event "Titled Tuesday Blitz February 15 Late 2022"]
[White "Barp, Alberto"]
[Black "Haszon, David"]
[WhiteFideId "872555"]
[BlackFideId "733610"]
[WhiteElo "2229"]
[BlackElo "2201"]
[Result "1-0"]
[Round "06"]
[TimeControl "180+1"]
[Date "2022.02.16"]
[WhiteClock "0:00:12"]
[BlackClock "0:00:15"]

1. d4 Nf6 2. c4 e6 3. g3 d5 4. Bg2 Nc6 5. Nf3 dxc4 6. O-O Rb8 7. b3 cxb3 8. axb3 Be7 9. Nc3 Nd5 10. Bb2 O-O 11. e4 Nxc3 12. Bxc3 a6 13. d5 exd5 14. exd5 Na7 15. Qd4 Bf6 16. Qxa7 Bxc3 17. Qxb8 Bxa1 18. Rxa1 Qxd5 19. Qxc7 Qxb3 20. Ne5 b5 21. Qd6 Qb2 22. Rf1 Be6 23. Nc6 g6 24. Ne7+ Kg7 25. Qxa6 b4 26. Qb6 Bc4 27. Re1 Qc3 28. Qe3 Qxe3 29. fxe3 b3 30. Bd5 Bxd5 31. Nxd5 Rd8 32. e4 f5 33. Nf4 fxe4 34. Ne6+ 1-0


[Site "https://www.chess.com"]

[Event "Titled Tuesday Blitz February 15 Late 2022"]
[White "Batsiashvili, Nino"]
[Black "Riehle, Marco"]
[WhiteFideId "13602993"]
[BlackFideId "12904392"]
[WhiteElo "2230"]
[BlackElo "2462"]
[Result "0-1"]
[Round "06"]
[TimeControl "180+1"]
[Date "2022.02.16"]
[WhiteClock "0:00:03"]
[BlackClock "0:01:16"]

1. d4 d5 2. c4 e6 3. Nf3 Nf6 4. Nc3 c5 5. cxd5 Nxd5 6. e4 Nxc3 7. bxc3 cxd4 8. cxd4 Bb4+ 9. Bd2 Bxd2+ 10. Qxd2 O-O 11. Bc4 b6 12. O-O Bb7 13. Rfe1 Nc6 14. Rad1 Rc8 15. d5 exd5 16. exd5 Na5 17. Bb3 Nxb3 18. axb3 Qd6 19. h4 Rfe8 20. Rxe8+ Rxe8 21. Qd4 h6 22. b4 Rd8 23. Ra1 Qxd5 24. Qxd5 Bxd5 25. Rxa7 Bxf3 26. gxf3 Rd4 27. b5 Rb4 28. Kg2 Rxb5 29. Rb7 Rb1 30. Rb8+ Kh7 31. h5 Rb5 32. Rb7 f6 33. f4 Rxh5 34. Rxb6 Rc5 35. Kg3 Rc7 36. Kg4 Kg6 37. f5+ Kf7 38. f4 Kg8 39. Rb8+ Kh7 40. Rd8 Rc1 41. Re8 Rg1+ 42. Kh4 Rf1 43. Kg4 Ra1 44. Rb8 Ra5 45. Rd8 h5+ 46. Kxh5 Rxf5+ 47. Kg4 Ra5 48. Rd7 Kg6 49. Rb7 Ra4 50. Rb5 Kh6 51. Rh5+ Kg6 52. Rb5 Kf7 53. Rb7+ Kg8 54. Rb6 Kh7 55. Kf5 Ra5+ 56. Kg4 Kh6 57. Rb7 Ra6 58. Rc7 Kg6 59. Rb7 Ra1 60. Rb5 Rg1+ 61. Kf3 Kh6 62. Ra5 Rb1 63. Rc5 g6 64. Rc6 f5 65. Ra6 Rb3+ 66. Kg2 Kh5 67. Rc6 Ra3 68. Rb6 Kg4 69. Rxg6+ Kxf4 70. Rb6 Kg4 71. Rb8 Rc3 72. Kf2 Rc2+ 73. Kf1 Rc3 74. Kf2 Ra3 75. Rb7 Ra8 76. Rb4+ f4 77. Rb3 Rh8 78. Kg2 Rd8 79. Kf2 Rd2+ 80. Kf1 Rh2 81. Ra3 Rb2 82. Rc3 Kf5 83. Ra3 Rd2 84. Rb3 Ke4 85. Ra3 Rh2 86. Rb3 Rh8 87. Ra3 Kf5 88. Rb3 Ra8 89. Rc3 Kg4 90. Rb3 Ra1+ 91. Kf2 Ra2+ 92. Kf1 Rh2 93. Ra3 Rh3 94. Ra2 Rb3 95. Rg2+ Kf5 96. Ra2 Rc3 97. Kf2 Kg4 98. Rb2 Rh3 99. Rb8 Rh2+ 100. Kg1 Re2 101. Rb3 Re3 102. Rb8 Kg3 103. Rg8+ Kf3 104. Rf8 Ra3 105. Rf7 Ra1+ 106. Kh2 Re1 107. Rf8 Ke3 108. Re8+ Kf2 109. Ra8 f3 110. Ra2+ Re2 111. Ra1 Rb2 112. Rc1 Re2 113. Ra1 Re1 114. Ra2+ Ke3 115. Ra3+ Kf4 116. Ra4+ Re4 117. Ra2 Re2+ 118. Rxe2 fxe2 119. Kg2 e1=Q 0-1


[Site "https://www.chess.com"]

[Event "Titled Tuesday Blitz February 15 Late 2022"]
[White "Bettalli, Francesco"]
[Black "Sailer, Mike"]
[WhiteFideId "2816453"]
[BlackFideId "2012901"]
[WhiteElo "2216"]
[BlackElo "2109"]
[Result "0-1"]
[Round "06"]
[TimeControl "180+1"]
[Date "2022.02.16"]
[WhiteClock "0:02:07"]
[BlackClock "0:00:37"]

1. d4 d5 2. Nc3 Nf6 3. Bf4 Bf5 4. e3 c6 5. f3 Nbd7 6. g3 h6 7. Bd3 Bxd3 8. Qxd3 e6 9. h4 Nb6 10. Nge2 Bd6 11. O-O Bxf4 12. Nxf4 Nc4 13. b3 Nd6 14. Rae1 Nf5 15. Kh2 g5 16. Ng2 gxh4 17. gxh4 Rg8 18. e4 Ng3 19. Rf2 Nfh5 20. f4 Nxe4 21. Nxe4 dxe4 22. Rxe4 Rxg2+ 23. Rxg2 Qxh4+ 24. Kg1 O-O-O 25. Qf3 Nf6 26. Ree2 Rxd4 27. Rd2 Rxd2 28. Rxd2 Qe1+ 0-1


[Site "https://www.chess.com"]

[Event "Titled Tuesday Blitz February 15 Late 2022"]
[White "Bluebaum, Matthias"]
[Black "Niemann, Hans Moke"]
[WhiteFideId "24651516"]
[BlackFideId "2093596"]
[WhiteElo "2550"]
[BlackElo "2636"]
[Result "0-1"]
[Round "06"]
[TimeControl "180+1"]
[Date "2022.02.15"]
[WhiteClock "0:00:18"]
[BlackClock "0:01:34"]

1. d4 g6 2. c4 Bg7 3. e4 d6 4. Nc3 Nc6 5. d5 Nd4 6. Be3 c5 7. Nge2 Nxe2 8. Bxe2 Nf6 9. O-O O-O 10. f4 Nd7 11. Qd2 a6 12. a4 Rb8 13. Kh1 b6 14. Rae1 Bb7 15. Bd3 Qc7 16. e5 dxe5 17. f5 Nf6 18. Ne4 Rbd8 19. Bg5 Bc8 20. fxg6 fxg6 21. d6 Qa7 22. Qe3 a5 23. Rf3 Bg4 24. dxe7 Qxe7 25. Nxf6+ Bxf6 26. Rxf6 Rxf6 27. Be4 Be6 28. Qg3 Qf7 29. Qh4 Rf1+ 0-1


[Site "https://www.chess.com"]

[Event "Titled Tuesday Blitz February 15 Late 2022"]
[White "Bok, Benjamin"]
[Black "Koziorowicz, Michal"]
[WhiteFideId "1017063"]
[BlackFideId "21809194"]
[WhiteElo "2658"]
[BlackElo "2166"]
[Result "1-0"]
[Round "06"]
[TimeControl "180+1"]
[Date "2022.02.15"]
[WhiteClock "0:00:10"]
[BlackClock "0:00:18"]

1. d4 f5 2. g3 Nf6 3. Bg2 e6 4. c4 Be7 5. Nc3 O-O 6. Nf3 d6 7. Qc2 Nc6 8. d5 Ne5 9. Nxe5 dxe5 10. e4 exd5 11. cxd5 fxe4 12. O-O Bf5 13. Be3 Nxd5 14. Nxd5 Qxd5 15. Rfd1 Qc6 16. Qxc6 bxc6 17. Rac1 Rfd8 18. Rxd8+ Rxd8 19. h3 Rb8 20. b3 Bd6 21. Rxc6 a5 22. Ra6 Bb4 23. g4 Bg6 24. Ra7 c5 25. Rc7 a4 26. bxa4 Ra8 27. h4 h5 28. gxh5 Bf5 29. Bxc5 Rxa4 30. Bxb4 Rxb4 31. Rc5 Ra4 32. Rxe5 Bh7 33. Bf1 Kf7 34. Bb5 Ra3 35. Bc4+ Kf6 36. Re6+ Kf5 37. Re7 Kf6 38. Rf7+ Ke5 39. Rxg7 Bf5 40. h6 Ra8 41. h7 Rd8 42. Bg8 Bxh7 43. Bxh7 Kf4 44. Rf7+ Kg4 45. Bxe4 Kh3 46. Rf3+ Kxh4 47. Rg3 Rd2 48. a4 Ra2 49. Bc6 Rc2 50. Bb5 Rc1+ 51. Kg2 Ra1 52. Rh3+ Kg4 53. Re3 Kf4 54. Rf3+ Kg4 55. Rf8 Kh4 56. f4 Kh5 57. Kf3 Kg6 58. Ke4 Kg7 59. Rf5 Kg6 60. Rc5 Kf6 61. Rc6+ Ke7 62. Kd5 Kd7 63. Rc1+ 1-0


[Site "https://www.chess.com"]

[Event "Titled Tuesday Blitz February 15 Late 2022"]
[White "Bon, Michael"]
[Black "Michelakos, Panagiotis"]
[WhiteFideId "620696"]
[BlackFideId "4216067"]
[WhiteElo "2462"]
[BlackElo "2140"]
[Result "0-1"]
[Round "06"]
[TimeControl "180+1"]
[Date "2022.02.16"]
[WhiteClock "0:01:45"]
[BlackClock "0:02:12"]

1. e4 c5 2. Nf3 g6 3. d4 cxd4 4. Nxd4 Bg7 5. c4 Nc6 6. Nc2 e6 7. Be2 Nge7 8. Nc3 f5 9. exf5 Nxf5 10. O-O O-O 11. Nb5 d5 12. cxd5 exd5 13. Bf3 d4 14. Bf4 Nh4 15. Bc7 Qg5 0-1


[Site "https://www.chess.com"]

[Event "Titled Tuesday Blitz February 15 Late 2022"]
[White "Bortnyk, Olexandr"]
[Black "Fishbein, Alexander"]
[WhiteFideId "14120828"]
[BlackFideId "2000377"]
[WhiteElo "2723"]
[BlackElo "2442"]
[Result "0-1"]
[Round "06"]
[TimeControl "180+1"]
[Date "2022.02.15"]
[WhiteClock "0:00:01"]
[BlackClock "0:00:12"]

1. d4 Nf6 2. Nc3 d5 3. Bf4 e6 4. Nb5 Na6 5. e3 Be7 6. Nf3 O-O 7. Ne5 Nd7 8. a3 Nxe5 9. Bxe5 Bf6 10. Bg3 c6 11. Nc3 Nc7 12. Bd3 Re8 13. h4 e5 14. dxe5 Bxe5 15. Bxh7+ Kf8 16. Bxe5 Rxe5 17. Bd3 d4 18. Bc4 Be6 19. Bxe6 Nxe6 20. Ne2 dxe3 21. Qxd8+ Rxd8 22. f4 Re4 23. f5 Nf4 24. Ng3 Rc4 25. O-O Rd2 26. Rf3 Rxg2+ 27. Kh1 Rcxc2 28. Rxe3 Rh2+ 29. Kg1 Rcg2+ 30. Kf1 Rf2+ 31. Ke1 Rxb2 32. Rf3 Ng2+ 33. Kf1 Nxh4 34. Rf4 Ng2 35. Rf3 Nh4 36. Rf4 g5 37. fxg6 Nxg6 38. Rf5 Rhg2 39. Rf3 Nh4 40. Rd3 Rbf2+ 41. Ke1 Nf3+ 42. Rxf3 Rxf3 43. Ne2 Re3 0-1


[Site "https://www.chess.com"]

[Event "Titled Tuesday Blitz February 15 Late 2022"]
[White "Brunner, Nicolas"]
[Black "Erdogdu, Mert"]
[WhiteFideId "620246"]
[BlackFideId "6301495"]
[WhiteElo "2372"]
[BlackElo "2485"]
[Result "0-1"]
[Round "06"]
[TimeControl "180+1"]
[Date "2022.02.16"]
[WhiteClock "0:00:05"]
[BlackClock "0:00:15"]

1. d4 d5 2. c4 e6 3. Nf3 c5 4. cxd5 exd5 5. g3 Nf6 6. Bg2 Nc6 7. O-O Be7 8. Nc3 O-O 9. Bg5 cxd4 10. Nxd4 h6 11. Be3 Re8 12. Rc1 Bg4 13. h3 Be6 14. Na4 Qd7 15. Kh2 Rad8 16. Nc5 Bxc5 17. Rxc5 Ne4 18. Rc1 Ng5 19. h4 Ne4 20. Qa4 Ne5 21. Qxd7 Rxd7 22. f3 Nd6 23. Bf4 Nec4 24. b3 Na5 25. Rfd1 Nf5 26. Nxf5 Bxf5 27. Rc5 Nc6 28. Rcxd5 Rxd5 29. Rxd5 Be6 30. Rd2 f6 31. e4 g5 32. Be3 a6 33. Kg1 Kf7 34. hxg5 hxg5 35. Kf2 Ne5 36. Bb6 Rc8 37. Bd4 Ke7 38. Bxe5 fxe5 39. Bf1 b5 40. Bd3 Rh8 41. Rc2 Kd6 42. Ke3 Rh3 43. Rg2 Kc5 44. Be2 Kb4 45. Bd3 Ka3 46. Bb1 a5 47. Kf2 Rh1 48. Rg1 Rxg1 49. Kxg1 Kb2 50. Bd3 b4 51. Kf2 Kxa2 52. Ke3 Bxb3 53. f4 gxf4+ 54. gxf4 a4 55. fxe5 Be6 56. Kd4 b3 57. Kc5 b2 58. Kd6 Bb3 59. e6 b1=Q 60. Bxb1+ Kxb1 61. e7 Bf7 62. e5 a3 63. e6 Bh5 64. Kd7 a2 65. e8=Q Bxe8+ 66. Kxe8 a1=Q 67. e7 Qf6 68. Kd7 Qd4+ 69. Kc7 Qc5+ 70. Kd7 Qd5+ 71. Kc7 Qe6 72. Kd8 Qd6+ 0-1


[Site "https://www.chess.com"]

[Event "Titled Tuesday Blitz February 15 Late 2022"]
[White "Bugayev, Vladimir"]
[Black "Kaasen, Tor Fredrik"]
[WhiteFideId "30901480"]
[BlackFideId "1516647"]
[WhiteElo "2421"]
[BlackElo "2335"]
[Result "0-1"]
[Round "06"]
[TimeControl "180+1"]
[Date "2022.02.16"]
[WhiteClock "0:00:01"]
[BlackClock "0:00:06"]

1. e4 c5 2. Nc3 a6 3. g3 b5 4. Bg2 Bb7 5. Nh3 g6 6. O-O Bg7 7. f4 e6 8. d3 Ne7 9. g4 d5 10. f5 gxf5 11. exf5 exf5 12. gxf5 Bd4+ 13. Kh1 Bf6 14. Bg5 Qb6 15. Qe2 Bxg5 16. Nxg5 Qf6 17. Bxd5 Bxd5+ 18. Nxd5 Qxg5 19. Nc7+ Kd7 20. Nxa8 Qf6 21. Qg2 Qc6 22. Nb6+ Qxb6 23. f6 Ng6 24. Qd5+ Kc8 25. Qxf7 Qc6+ 26. Kg1 Nh4 27. Qg7 Rd8 28. Qg4+ Nd7 29. f7 Qg6 30. Qxg6 hxg6 31. Rae1 Rf8 32. Re8+ Kc7 33. Rf6 Nf5 34. Rxf8 Nxf8 35. Kf2 Nd6 36. h4 Kd7 37. h5 gxh5 38. Rh6 Nxf7 39. Rxh5 Ne6 40. Rh7 Ke7 41. Ke3 Kf6 42. c3 Neg5 43. Rh1 Ke5 44. d4+ Kd5 45. Kd3 c4+ 46. Ke3 Ne6 47. Rh5+ Kd6 48. Rh7 Nfd8 0-1


[Site "https://www.chess.com"]

[Event "Titled Tuesday Blitz February 15 Late 2022"]
[White "Burke, Paul"]
[Black "Curtis, John"]
[WhiteFideId "2605767"]
[BlackFideId "3200256"]
[WhiteElo "1825"]
[BlackElo "2203"]
[Result "0-1"]
[Round "06"]
[TimeControl "180+1"]
[Date "2022.02.16"]
[WhiteClock "0:00:01"]
[BlackClock "0:01:04"]

1. e4 e5 2. Nf3 Nc6 3. Bc4 Nf6 4. d4 exd4 5. O-O Nxe4 6. Re1 d5 7. Bxd5 Qxd5 8. Nc3 Qa5 9. Nxe4 Be6 10. Neg5 O-O-O 11. Nxe6 fxe6 12. Bg5 Re8 13. Bd2 Qd5 14. c3 Bc5 15. cxd4 Nxd4 16. Nxd4 Bxd4 17. Qc2 Qf5 18. Qxf5 exf5 19. Kf1 Bxb2 20. Rab1 Bd4 21. Red1 Bb6 22. a4 Bc5 23. Rdc1 b6 24. a5 Rd8 25. axb6 axb6 26. Bc3 Rd7 27. Be5 Re8 28. f4 g5 29. g3 h5 30. Ra1 Kb7 31. Ra2 h4 32. Rca1 h3 33. Ra7+ Kc6 34. Rc1 gxf4 35. gxf4 Rd2 36. Rxc7+ Kb5 37. Rb1+ Kc4 0-1


[Site "https://www.chess.com"]

[Event "Titled Tuesday Blitz February 15 Late 2022"]
[White "Chernomordik, Pavel"]
[Black "volunteers1998"]
[WhiteFideId "2804530"]
[WhiteElo "2249"]
[BlackElo "2262"]
[Result "1-0"]
[Round "06"]
[TimeControl "180+1"]
[Date "2022.02.16"]
[WhiteClock "0:01:10"]
[BlackClock "0:00:07"]

1. e4 c5 2. Nc3 Nc6 3. Bb5 d6 4. f4 Bd7 5. Nf3 g6 6. O-O Bg7 7. d3 Nf6 8. Bxc6 Bxc6 9. Qe1 O-O 10. Qh4 Rb8 11. f5 b5 12. Bh6 b4 13. Ne2 a5 14. Ng5 Qd7 15. fxg6 Qg4 16. gxf7+ Kh8 17. Qxg4 Nxg4 18. Bxg7+ Kxg7 19. Ne6+ Kh8 20. Nxf8 Rxf8 21. Ng3 e6 22. h3 Ne5 23. Rf6 Bd7 24. Raf1 Kg7 25. Nh5+ Kh8 26. g4 a4 27. g5 Ng6 28. Nf4 Nxf4 29. R6xf4 Kg7 30. h4 d5 31. exd5 exd5 32. h5 h6 33. g6 Be6 34. Re1 Bd7 35. Re7 Bb5 36. Rf5 b3 37. axb3 axb3 38. cxb3 Bxd3 39. Rxd5 c4 40. bxc4 Bxc4 41. Rd4 Bb5 42. b4 Rc8 43. Rb7 Bc6 44. Rb6 Bf3 45. Rf4 Bxh5 46. Rc6 Rf8 47. b5 Be2 48. b6 Bb5 49. Rc7 Ba6 50. b7 1-0


[Site "https://www.chess.com"]